Map: Flooded City

Players

ILIEKEGGPIE

  • Race: Zerg Zerg
  • Spawn Location: 6:00

BizMac

  • Race: Zerg Zerg
  • Spawn Location: 6:00

Brechum - Winner!

  • Race: Terran Terran
  • Spawn Location: 12:00

SorenLingus - Winner!

  • Race: Zerg Zerg
  • League: Silver
  • Spawn Location: 12:00

VOD

Have the link to the VOD?

Description

Time

  • Played on: March 6, 2018, 7:24 p.m.
  • Length: 5:17
Show
View Real Time Build Order
Export as new Build Order

ILIEKEGGPIE Zerg 

Build Orders: Pool First 

Get SALT Encoding   

  12  0:01  Drone  
  13  0:08  Drone  
  14  0:29  Overlord  
  14  0:45  Extractor  
  14  0:48  Spawning Pool  
  12  0:55  Drone x3  
  15  1:06  Drone  
  16  1:16  Drone  
  17  1:29  Drone  
  18  1:36  Queen  
  18  1:39  Overlord  
  20  1:50  Drone  
  20  1:51  Metabolic Boost  
  21  2:06  Roach Warren  
  20  2:16  Drone  
  20  2:18  Queen  
  23  2:30  Overlord  
  23  2:36  Drone x2, Extractor  
  24  2:53  Zergling x8  
  28  3:04  Drone  
  29  3:20  Hatchery  
  28  3:31  Overlord  
  28  3:35  Drone x2  
  28  3:37  Overlord  
  30  4:22  Roach x4  
  30  4:23  Roach x2  
  40  4:44  Drone  
Show
View Real Time Build Order
Export as new Build Order

BizMac Zerg 

Build Orders: Pool First 

Get SALT Encoding   

  12  0:03  Drone  
  13  0:09  Drone  
  14  0:17  Overlord  
  14  0:36  Drone  
  14  0:37  Drone x2  
  17  0:45  Extractor  
  17  0:48  Spawning Pool  
  15  0:51  Drone  
  16  1:01  Drone  
  17  1:23  Hatchery  
  17  1:24  Drone  
  17  1:30  Drone  
  18  1:40  Queen  
  20  1:48  Metabolic Boost  
  20  1:55  Zergling x4  
  22  2:07  Overlord  
  22  2:26  Overlord  
  22  2:28  Drone  
  22  2:29  Drone  
  24  2:42  Queen  
  24  2:44  Drone  
  27  2:47  Drone  
  27  2:50  Extractor  
  27  3:02  Zergling x2  
  27  3:03  Zergling x10  
  33  3:33  Drone x3  
  36  3:35  Lair  
  36  3:39  Drone x4  
  37  3:46  Baneling Nest  
  34  3:54  Spine Crawler, Zergling x8  
  37  4:04  Zergling x6  
  37  4:05  Zergling x2  
  41  4:12  Spine Crawler  
  22  4:31  Zergling x4  
  22  4:32  Zergling x10  
  29  4:43  Baneling x4  
Show
View Real Time Build Order
Export as new Build Order

Brechum Terran - Winner!

Build Orders:  

Get SALT Encoding   

  12  0:01  SCV  
  13  0:13  SCV  
  14  0:19  Supply Depot  
  14  0:25  SCV  
  15  0:41  SCV  
  16  0:43  Barracks  
  16  0:53  SCV  
  17  0:57  Supply Depot  
  17  1:07  Barracks  
  17  1:13  SCV  
  18  1:20  Supply Depot  
  18  1:25  SCV  
  19  1:33  Barracks  
  19  1:37  SCV  
  20  1:43  Supply Depot  
  20  1:46  Marine  
  21  1:50  SCV  
  22  2:04  Marine  
  22  2:05  Supply Depot  
  22  2:07  Barracks  
  23  2:09  Marine  
  24  2:19  SCV  
  24  2:21  Marine x2  
  27  2:27  Marine  
  28  2:39  Marine x2  
  30  2:50  Marine  
  31  2:53  Marine  
  31  2:56  Marine  
  31  2:57  Barracks, Marine  
  34  3:08  Marine  
  34  3:11  Marine  
  36  3:14  Marine  
  36  3:15  Marine  
  36  3:19  Supply Depot  
  38  3:20  Supply Depot  
  38  3:22  Supply Depot  
  38  3:26  Marine  
  39  3:29  Marine  
  39  3:32  Marine  
  39  3:33  Marine  
  41  3:44  Marine  
  41  3:45  Marine  
  41  3:47  Marine  
  44  3:50  Marine  
  44  3:51  Marine  
  46  4:07  Marine x3  
  46  4:08  Marine x2  
  51  4:25  Marine x3  
  51  4:26  Marine  
  51  4:29  Marine  
  56  4:43  Marine x4  
  59  4:46  Marine  
Show
View Real Time Build Order
Export as new Build Order

SorenLingus Zerg - Winner!

Build Orders: Pool Only, Zergling Baneling 

Get SALT Encoding   

  12  0:19  Spawning Pool  
  11  0:27  Overlord  
  11  0:34  Drone  
  12  0:42  Overlord  
  12  0:51  Drone  
  12  0:52  Drone  
  14  1:06  Queen  
  14  1:10  Zergling x2  
  17  1:20  Zergling x2  
  18  1:33  Zergling x4  
  18  1:38  Extractor  
  19  1:54  Zergling x4  
  21  2:06  Drone  
  22  2:17  Drone  
  22  2:19  Drone  
  22  2:21  Zergling x4  
  26  2:47  Zergling x4  
  26  2:49  Metabolic Boost  
  28  2:57  Zergling x2  
  29  3:08  Zergling x2  
  30  3:13  Overlord  
  30  3:20  Baneling Nest  
  30  3:25  Zergling x2  
  30  3:31  Zergling x6  
  33  3:53  Zergling x4  
  35  3:57  Zergling x4  
  35  3:58  Zergling x2  
  37  4:19  Baneling x2  
  37  4:20  Baneling x6  
  37  4:26  Overlord  
Tags
 
Add a new tag
Caveats
  • Supply blocks, unpowered buildings, or Contaminate may cause inaccurate times.
  • Supply counts are checked every 10 seconds.